 Dungeon Crawl Stone Soup version 0.18.1-48-g4cf74bf (webtiles) character file.

152 raph the Chiller (level 5, 0/35 HPs)
             Began as a Merfolk Ice Elementalist on July 6, 2016.
             Was an Initiate of Ashenzari.
             Killed by divine providence
             ... invoked by an orc priest
              (12 damage)
             ... on level 3 of the Dungeon.
             The game lasted 00:04:55 (2952 turns).

raph the Chiller (Merfolk Ice Elementalist)         Turns: 2952, Time: 00:04:55

Health: 0/35       AC: 10    Str:  9    XL:     5   Next: 34%
Magic:  5/8        EV: 13    Int: 14    God:    Ashenzari [......]
Gold:   132        SH:  0    Dex: 15    Spells: 3 memorised, 2 levels left

rFire  . . .     SeeInvis .     i - +0 spear
rCold  . . .     Gourm    .     a - +0 robe
rNeg   + . .     Faith    .     (no shield)
rPois  .         Spirit   .     (no helmet)
rElec  .         Dismiss  .     n - +0 cloak
rCorr  .         Reflect  .     q - +0 pair of gloves
SustAt .         Harm     .     f - +0 pair of boots
MR     .....                    (no amulet)
Stlth  ++........               (no ring)
                                s - ring of positive energy

@: icy armour, slow, not resistant to hostile enchantments, unstealthy
A: change form in water, swift swim
a: Curse Item, Renounce Religion


You were on level 3 of the Dungeon.
You worshipped Ashenzari.
Ashenzari was noncommittal.
You were not hungry.

You visited 1 branch of the dungeon, and saw 3 of its levels.

You collected 132 gold pieces.

Inventory:

Hand Weapons
 i - a +0 spear (weapon)
Armour
 a - a +0 robe (worn)
 f - a +0 pair of boots (worn)
 n - a +0 cloak (worn)
 q - a +0 pair of gloves (worn)
Jewellery
 s - a ring of positive energy (left hand)
Scrolls
 g - 2 scrolls of teleportation {unknown}
 h - a scroll of amnesia {unknown}
 j - 2 scrolls of random uselessness {unknown}
 k - a scroll of immolation {unknown}
 l - 2 scrolls of fear {unknown}
 m - a scroll of identify {unknown}
 o - a scroll of blinking {unknown}
Potions
 e - a potion of curing {unknown}
 r - a potion of haste {unknown}
Books
 b - a book of Frost

   Spells                             Type                      Level
   a - Freeze                         Ice                          1
   b - Throw Frost                    Conjuration/Ice              2
   c - Ozocubu's Armour               Charms/Ice                   3
   d - Throw Icicle                   Conjuration/Ice              4
   e - Summon Ice Beast               Ice/Summoning                4
Comestibles
 c - a bread ration
 d - a meat ration


   Skills:
 + Level 5.0 Polearms
 - Level 2.6 Dodging
 - Level 2.1 Stealth
 - Level 2.0 Spellcasting
 - Level 0.7 Conjurations
 - Level 5.0 Ice Magic


You had 2 spell levels left.
You knew the following spells:

 Your Spells              Type           Power        Failure   Level  Hunger
a - Freeze                Ice            ###.         2%          1    ##.....
b - Throw Frost           Conj/Ice       #.....       14%         2    ###....
c - Ozocubu's Armour      Chrm/Ice       #.......     24%         3    ####...


Dungeon Overview and Level Annotations

Branches:
Dungeon (3/15)

Altars:
Ashenzari
Gozag
Ru


Message History

The quokka barely misses you.
Attack whom?
Press: ? - help, Dir - move target cursor, f/p - orc
Aim: an orc (lightly wounded)
The quokka is in the way.
You closely miss the quokka.
The quokka is moderately wounded.
The quokka bites you. The quokka misses you.
Attack whom?
Press: ? - help, Dir - move target cursor, f/p - orc
Aim: an orc The quokka is in the way.
You hit the quokka.
You kill the quokka!
Your Polearms skill increases to level 5!
Attack whom?
Press: ? - help, Dir - move target cursor, f/p - orc
Aim: an orc You hit the orc but do no damage.
The orc hits you.
The orc priest calls down the wrath of Beogh upon you.
Beogh smites you!
You die...

###############
.............#
#..###.#.##.#
####..###.#.##.###
##...............#
......###.#.##.#(#
##.#..###.#.##.#@#
...............#o#
...##.##########oo.....#
....<.# # .oo>###.#
#.##..# .. .....#
......#.. #......
#........ #.......
####.###. #........
.#.....##. #.#.....##


You could see an orc priest and 4 orcs.

Vanquished Creatures
  An orc wizard (D:3)
  5 adders
  An ooze (D:3)
  2 worms (D:2)
  2 dart slugs
  A giant gecko (D:2)
  3 orcs (D:3)
  6 bats
  3 giant cockroaches (D:2)
  3 goblins
  A hobgoblin (D:1)
  6 kobolds
  A quokka (D:3)
  2 giant newts
  4 rats
41 creatures vanquished.

Vanquished Creatures (others)
  An orc wizard (D:3)
1 creature vanquished.

Grand Total: 42 creatures vanquished

Notes
Turn   | Place    | Note
--------------------------------------------------------------
     0 | D:1      | raph the Merfolk Ice Elementalist began the quest for the Orb.
     0 | D:1      | Reached XP level 1. HP: 13/13 MP: 3/3
   484 | D:1      | Reached XP level 2. HP: 19/19 MP: 5/5
   490 | D:1      | Learned a level 2 spell: Throw Frost
   947 | D:1      | You fall through a shaft!
  1157 | D:2      | Reached XP level 3. HP: 24/24 MP: 2/6
  1706 | D:2      | Reached skill level 5 in Ice Magic
  1721 | D:2      | Learned a level 3 spell: Ozocubu's Armour
  1819 | D:2      | Reached skill level 1 in Polearms
  1819 | D:2      | Reached XP level 4. HP: 17/30 MP: 0/7
  2636 | D:3      | Found a sacrificial altar of Ru.
  2637 | D:3      | Found a shattered altar of Ashenzari.
  2639 | D:3      | Found an opulent altar of Gozag.
  2663 | D:3      | Reached XP level 5. HP: 24/35 MP: 6/8
  2875 | D:3      | Became a worshipper of Ashenzari the Shackled
  2951 | D:3      | Reached skill level 5 in Polearms
  2952 | D:3      | Killed from afar by an orc priest

Skill      XL: |  1  2  3  4  5 |
---------------+----------------+-----
Ice Magic      | 4 5 |  5.0
Polearms       | 1 4 5 |  5.0
Dodging        | |  2.6
Stealth        | |  2.1
Spellcasting   | |  2.0
Conjurations   | |  0.7

Action                   |  1- 3 |  4- 6 || total
-------------------------+-------+-------++-------
Melee: Unarmed           |    12 |       ||    12
       Spear             |    39 |    71 ||   110
 Cast: Freeze            |    33 |    15 ||    48
       Throw Frost       |     1 |       ||     1
       Ozocubu's Armour  |     1 |     3 ||     4
  Use: Scroll            |     1 |     1 ||     2
 Stab: Sleeping          |     4 |       ||     4
  Eat: Chunk             |     3 |     5 ||     8
Armor: Robe              |    30 |    23 ||    53
Dodge: Dodged            |    44 |    54 ||    98
